 Dungeon Crawl Stone Soup version 0.30-b1-2-g02819fbbbe (webtiles) character file.

Game seed: 17637646388031977231

6960 Borgoz the Carver (level 11, -9/85 HPs)
             Began as a Human Gladiator on June 25, 2023.
             Mangled by a shadow (30 damage)
             ... on level 9 of the Dungeon.
             The game lasted 00:22:23 (9764 turns).

Borgoz the Carver (Human Gladiator)                 Turns: 9764, Time: 00:22:23

Health: -9/85      AC: 22    Str: 21    XL:     11   Next: 28%
Magic:  11/11      EV: 12    Int:  9    God:
Gold:   778        SH:  0    Dex: 18    Spells: 10/10 levels left

rFire   + . .        a - +0 scimitar
rCold   + + .        (no shield)
rNeg    . . .        q - +7 chain mail "Elen Ell" {*Slow rC++}
rPois   .            c - +0 helmet
rElec   .            p - +1 cloak
rCorr   .            H - +0 pair of gloves
SInv    .            (no boots)
Will    .....        d - amulet of regeneration Stlth
                     k - ring of protection from fire
HPRegen 1.14/turn    G - +6 ring of strength
MPRegen 0.12/turn

%: slow self (1%)
@: no status effects
A: no striking features
a: no special abilities


You were on level 9 of the Dungeon.
You visited 2 branches of the dungeon, and saw 11 of its levels.
You also visited: Ossuary.

You collected 778 gold pieces.

Inventory:

Hand Weapons
 a - a +0 scimitar (weapon)
 b - a +0 long sword of venom
Missiles
 e - 6 javelins (quivered)
 I - 5 curare-tipped darts
 O - a throwing net
Armour
 c - a +0 helmet (worn)
 l - +0 steam dragon scales
 p - a +1 cloak (worn)
 q - the +7 chain mail "Elen Ell" (worn) {*Slow rC++}
   (You found it on level 3 of the Dungeon)

   rC:        It greatly protects you from cold.
   *Slow:     It may slow you when you take damage.
 y - a +0 scale mail
 F - a +0 plate armour
 H - a +0 pair of gloves (worn)
Jewellery
 d - an amulet of regeneration (around neck)
 k - a ring of protection from fire (left hand)
 r - a ring of ice
 s - a ring of magical power
 G - a +6 ring of strength (right hand)
 J - a ring of resist corrosion
 Q - a ring of ice
 R - a +6 ring of intelligence
 W - a ring of flight
Scrolls
 f - a scroll of summoning {unknown}
 h - a scroll of brand weapon {unknown}
 j - 2 scrolls of enchant weapon {unknown}
 n - 2 scrolls of vulnerability {unknown}
 t - a scroll of poison {unknown}
 v - 3 scrolls of blinking
 x - 3 scrolls of amnesia
 A - 6 scrolls of teleportation
 D - 2 scrolls of fear {unknown}
 E - a scroll of immolation {unknown}
 L - a scroll of enchant armour {unknown}
 M - 2 scrolls of noise {unknown}
Potions
 g - 2 potions of cancellation
 i - 5 potions of heal wounds {unknown}
 m - 5 potions of might {unknown}
 o - a potion of ambrosia {unknown}
 u - 2 potions of berserk rage {unknown}
 w - 2 potions of mutation
 z - 3 potions of attraction
 C - a potion of invisibility {unknown}
 K - a potion of brilliance {unknown}
 N - a potion of lignification {unknown}
 P - 2 potions of magic {unknown}
 S - a potion of degeneration {unknown}
 T - a potion of flight {unknown}
 U - a potion of haste


   Skills:
 + Level 7.7 Fighting
 * Level 10.8 Long Blades
 - Level 2.2 Throwing
 + Level 7.4 Armour
 + Level 8.1 Dodging
 - Level 1.1 Stealth


You had 10 spell levels left.
You didn't know any spells.
Your spell library contained the following spells:

 Spells                   Type           Power      Damage    Failure   Level
 Summon Small Mammal      Summ           0%         N/A       93%         1
 Cigotuvi's Dreadful Rot  Necr/Pois/Air  0%         N/A       98%         2
 Call Canine Familiar     Summ           0%         N/A       100%        3
 Portal Projectile        Hex/Tloc       0%         N/A       100%        3
 Stone Arrow              Conj/Erth      0%         3d7       100%        3
 Summon Guardian Golem    Hex/Summ       0%         N/A       100%        3
 Animate Armour           Summ/Erth      0%         N/A       100%        4
 Dispel Undead            Necr           0%         3d6       100%        4
 Leda's Liquefaction      Hex/Erth       0%         N/A       100%        4
 Death Channel            Necr           0%         N/A       100%        6
 Lehudib's Crystal Spear  Conj/Erth      0%         10d2      100%        8


Dungeon Overview and Level Annotations

Branches:
Dungeon (10/15)            Temple (1/1) D:4            Lair (0/5) D:8
Ossuary (visited)
    Orc: D:9-12

Altars:
Ashenzari
Cheibriados
Dithmenos
Elyvilon
Fedhas
Gozag
Hepliaklqana
Kikubaaqudgha
Makhleb
Nemelex Xobeh
Okawaru
Qazlal
Ru
Sif Muna
Trog
Uskayaw
Vehumet
Wu Jian
Xom
Yredelemnul
Zin
The Shining One

Annotations:
D:9 3 runed translucent doors, Vorhees's ghost, novice GnHu


Message History

The gargoyle hurls a stone arrow at you.
The stone arrow misses you.
The shadow slips into darkness.
The shadow flickers and vanishes!
Deactivating autopickup; reactivate with Ctrl-A.
The yak gores you but does no damage.
You hit something but do no damage.
The gargoyle hurls a stone arrow at you.
The stone arrow misses you.
The shadow strikes at you from the darkness!
Reactivating autopickup.
The yak misses you.
You barely miss the shadow. The shadow hits you.
The gargoyle hits you with a +0 dire flail.
The yak closely misses you.
You barely miss the shadow. The shadow misses you.
The gargoyle hurls a stone arrow at you.
The stone arrow hits you!
* * * LOW HITPOINT WARNING * * *
The yak gores you!
* * * LOW HITPOINT WARNING * * *
You feel better. The shadow hits you.
The gargoyle hits you with a +0 dire flail.
* * * LOW HITPOINT WARNING * * *
The yak gores you but does no damage. The yak completely misses you.
There is an open door here.
Okay, then.
Okay, then.
Okay, then.
Unknown command.
Your +0 long sword of venom stops dripping with poison.
a - a +0 scimitar (weapon)
You barely miss the shadow.
The shadow slips into darkness.
The shadow flickers and vanishes!
Deactivating autopickup; reactivate with Ctrl-A.
You closely miss something.
The shadow strikes at you from the darkness!
You die...

#.................))...#
###########.....##.(..##
##.......##.....##((..##
#...............#.)....#
#...............#......#
#...............#......#
#...............##....##
#...............#######
##########......@........#
.##.....########{##......#
........##.....Y9##......#
...............[........##
.................<......##
.#########...............#
'####...##....)..........#
.........................#
.........................#


You could see a yak and a gargoyle.

Vanquished Creatures
  A two-headed ogre (D:9)
  A deep elf pyromancer (D:8)
  A cyclops (D:8)
  2 kobold demonologists
  A hornet (D:7)
  A wraith (D:9)
  4 yaks
  A vampire mosquito (D:7)
  2 steam dragons
  2 acid dragons
  A water moccasin (D:6)
  A sky beast (D:7)
  2 ogres
  3 orc warriors (D:8)
  A black bear (D:4)
  An ice beast (D:5)
  3 centaurs
  A kobold brigand (D:9)
  6 bullfrogs
  3 gnoll sergeants
  3 scorpions
  4 wights (D:6)
  A howler monkey (D:6)
  3 gnoll boudas
  5 orc priests
  4 hounds
  A jelly (D:7)
  4 sleepcaps
  Jessica (D:2)
  3 iguanas
  Natasha (thrice) (D:4)
  7 orc wizards
  2 mummies (Ossuary)
  23 gnolls
  8 adders
  2 shadow imps (D:4)
  2 white imps
  6 adder zombies (Ossuary)
  2 worms (D:2)
  2 dart slugs
  29 orcs
  11 endoplasms
  2 giant cockroaches (D:1)
  19 goblins
  12 hobgoblins
  6 jackals
  7 quokkas
  9 ball pythons
  7 bats
  2 frilled lizards
  5 gnoll zombies (Ossuary)
  4 hobgoblin zombies (Ossuary)
  15 kobolds
  7 kobold zombies (Ossuary)
  5 orc zombies (Ossuary)
  A quokka zombie (D:4)
  5 rats
  A rat zombie (D:4)
271 creatures vanquished.

Vanquished Creatures (others)
  An orc wizard (D:5)
1 creature vanquished.

Grand Total: 272 creatures vanquished

Notes
Turn   | Place    | Note
-------+----------+-------------------------------------------
     0 | D:1      | Borgoz the Human Gladiator began the quest for the Orb.
     0 | D:1      | Reached XP level 1. HP: 16/16 MP: 1/1
   132 | D:1      | Reached XP level 2. HP: 16/22 MP: 2/2
   334 | D:1      | Reached XP level 3. HP: 14/27 MP: 3/3
   461 | D:1      | Reached skill level 1 in Armour
   893 | D:2      | Noticed Jessica
   914 | D:2      | Killed Jessica
   915 | D:2      | Reached skill level 1 in Stealth
   915 | D:2      | Reached XP level 4. HP: 31/34 MP: 4/4
  1412 | D:2      | Reached XP level 5. HP: 30/39 MP: 5/5
  2356 | D:3      | Found a radiant altar of Vehumet.
  2356 | D:3      | Found a white marble altar of Elyvilon.
  2361 | D:3      | Reached skill level 4 in Long Blades
  2407 | D:3      | Reached XP level 6. HP: 44/47 MP: 6/6
  2449 | D:3      | Identified the +7 chain mail "Elen Ell" {*Slow rC++}
  2514 | D:3      | Found a shimmering blue altar of Sif Muna.
  2921 | D:4      | Found a sand-covered staircase.
  2941 | Ossuary  | Entered an ossuary
  3649 | D:4      | Noticed Natasha
  3649 | D:4      | Noticed a black bear
  3661 | D:4      | Killed a black bear
  3662 | D:4      | Reached XP level 7. HP: 23/52 MP: 7/7
  3667 | D:4      | Killed Natasha
  3890 | D:4      | Noticed Natasha
  3896 | D:4      | Killed Natasha
  3897 | D:4      | Reached skill level 5 in Long Blades
  3953 | D:4      | Found a hide-covered altar of Uskayaw.
  4197 | D:4      | Found a staircase to the Ecumenical Temple.
  4226 | D:4      | Noticed Natasha
  4236 | D:4      | Killed Natasha
  4290 | Temple   | Entered the Ecumenical Temple
  4903 | D:5      | Entered Level 5 of the Dungeon
  5053 | D:5      | Reached XP level 8. HP: 44/60 MP: 8/8
  5413 | D:5      | Found a basalt altar of Yredelemnul.
  5538 | D:5      | Reached skill level 6 in Long Blades
  5593 | D:5      | Reached skill level 5 in Dodging
  5633 | D:5      | Found a stormy altar of Qazlal.
  6474 | D:6      | Reached XP level 9. HP: 54/67 MP: 9/9
  6477 | D:6      | Reached skill level 5 in Fighting
  6477 | D:6      | Reached skill level 7 in Long Blades
  7236 | D:7      | Reached skill level 5 in Armour
  7595 | D:7      | Found a sparkling altar of Nemelex Xobeh.
  7637 | D:7      | Noticed a hornet
  7648 | D:7      | Reached skill level 8 in Long Blades
  7655 | D:7      | Killed a hornet
  7999 | D:7      | Found a sacrificial altar of Ru.
  7999 | D:7      | Found a snail-covered altar of Cheibriados.
  8007 | D:7      | Found an ornate altar of the Wu Jian Council.
  8009 | D:7      | Found a faded altar of an unknown god.
  8011 | D:7      | Found a burning altar of Makhleb.
  8123 | D:8      | Noticed a deep elf pyromancer
  8142 | D:8      | Noticed a cyclops
  8144 | D:8      | Killed a deep elf pyromancer
  8145 | D:8      | Reached XP level 10. HP: 25/76 MP: 10/10
  8156 | D:8      | Killed a cyclops
  8157 | D:8      | Reached skill level 9 in Long Blades
  8262 | D:8      | Noticed a kobold demonologist
  8269 | D:8      | Killed a kobold demonologist
  8464 | D:8      | Found a staircase to the Lair.
  8597 | D:8      | Found a glowing silver altar of Zin.
  8831 | D:9      | Found a runed translucent gate.
  8831 | D:9      | Found a runed translucent gate.
  8831 | D:9      | Found a runed translucent gate.
  8832 | D:9      | Noticed Vorhees's ghost (novice GnHu)
  8969 | D:9      | Reached skill level 10 in Long Blades
  8992 | D:9      | Noticed a two-headed ogre
  9443 | D:9      | Killed a two-headed ogre
  9444 | D:9      | Reached XP level 11. HP: 30/84 MP: 11/11
  9524 | D:10     | Entered Level 10 of the Dungeon
  9764 | D:9      | Mangled by a shadow

Illustrated notes

Levels and vault maps discovered:
D:1:      eino_arrival_cavern_a, layout_loops_ring
D:2:      cheibrodos_greedy_goblins, layout_basic, minivault_24, uniq_jessica
D:3:      layout_rooms, nicolae_overflow_two_pavilions,
          mainiacjoe_overflow_24_doors
D:4:      layout_gridville, lemuel_doored_altar, minmay_temple_entry_offerings,
          enter_ossuary_4, uniq_natasha
D:5:      layout_loops_ring, overflow_temple_1_default, kennysheep_mini,
          minmay_strange_pillars, minmay_misc_feat_encased,
          chequers_serial_rivers_micro_e, corexii_shack
D:6:      layout_loops_ring, kennysheep_generic_room_2
D:7:      layout_loops_cross, nemelex_dance_club_becter,
          chequers_temple_overflow_minitemple
D:8:      minmay_ornate_pinched, layout_rooms, mainiacjoe_overflow_brackets
D:9:      layout_gridville, ebering_ghost_rock_garden, grunt_decor_mini_mirrors
D:10:     layout_small_grid, enter_bailey_5, nicolae_blasting_shop
Temple:   cyrus_temple_forest

Skill      XL: |  1  2  3  4  5  6  7  8  9 10 11 |
---------------+----------------------------------+-----
Armour         | 1 2 3 4 5 7 |  7.4
Stealth        | 1 |  1.1
Long Blades    | 4 5 6 8 10 | 10.8
Fighting       | 3 4 6 7 |  7.7
Dodging        | 4 5 6 7 8 |  8.1
Throwing       | |  2.2

Action                     |  1- 3 |  4- 6 |  7- 9 | 10-12 || total
---------------------------+-------+-------+-------+-------++-------
  Melee: Long sword        |   114 |   350 |   519 |   289 ||  1272
         Punch             |       |     5 |     6 |     8 ||    19
         Scimitar          |       |       |       |     2 ||     2
  Throw: Throwing net      |     4 |     2 |     3 |       ||     9
         Javelin           |       |       |     1 |       ||     1
    Use: Scroll            |     4 |     3 |     1 |     2 ||    10
         Potion            |     1 |       |     5 |     4 ||    10
   Stab: Distracted        |     1 |       |       |       ||     1
         Sleeping          |     3 |     2 |       |       ||     5
         Held in net/web   |     1 |     1 |     2 |       ||     4
 Armour: Leather armour    |    35 |       |       |       ||    35
         Ring mail         |       |   135 |       |       ||   135
         Scale mail        |       |    15 |    38 |       ||    53
         Chain mail        |       |       |   362 |   209 ||   571
  Dodge: Dodged            |    82 |   279 |   294 |   311 ||   966
